AoeStats
← Ryzeres

Four Lakes

509332934Analyzed
1v1 RM · 6d ago on Sep 26, 2026· 28m 15s· 2 players
Game mode
Random Map
Map size
Tiny (2 player)
Population
200
Speed
Normal
Resources
Standard
Victory
Conquest
Starting age
Dark Age
Ending age
Imperial Age
RankedLock teamsTeams togetherTeam positionsShared explorationLock speedFull tech treeHidden civsTurbo modeCheats
Victory
Defeat
🇩🇪 Varangians · Germany
1241
+15
🇦🇷 Burmese · Argentina
1211
-15
[ZCHE]jcruz810
7:45 Loom
9:44 Feudal Age
8:37 Loom
14:49 Castle Age
13:19 Gold Mining
16:28 Gold Shaft Mining
Ryzeres
6:53 Loom
13:33 Feudal Age
18:28 Castle Age
17:54 Bloodlines
19:30 Husbandry
19:56 Scale Barding Armor
20:03 Forging
21:00 Light Cavalry
23:45 Chain Barding Armor
Connection lost

Rejoining the realm…

Still unreachable

The connection could not be restored.

Session expired

The server has moved on; the page needs a fresh start.